 Dungeon Crawl Stone Soup version 0.28.0-53-g5a82cb258f (webtiles) character file.

Game seed: 3169892994998809320

66 Sin92 the Skirmisher (level 3, -3/29 HPs)
             Began as a Demonspawn Fighter on June 16, 2022.
             Killed from afar by Ijyb (16 damage)
             ... with a bolt of acid
             ... on level 3 of the Dungeon.
             The game lasted 00:06:43 (2090 turns).

Sin92 the Skirmisher (Demonspawn Fighter)           Turns: 2090, Time: 00:06:44

Health: -3/29      AC: 11    Str: 18    XL:     3   Next: 96%
Magic:  3/3        EV:  9    Int:  9    God:
Gold:   83         SH:  4    Dex: 12    Spells: 2/2 levels left

rFire   . . .      SeeInvis .   a - +0 war axe (freeze)
rCold   . . .      Faith    .   c - +0 buckler
rNeg    . . .      Spirit   .   b - +0 scale mail
rPois   .          Reflect  .   f - +2 hat
rElec   .          Harm     .   l - +0 cloak
rCorr   .          Rampage  .   j - +0 pair of gloves
Will    .....                   (no boots)
Stlth   ..........              (no amulet)
HPRegen 0.09/turn               (no ring)
MPRegen 0.08/turn               (no ring)

@: no status effects
A: ignite blood 1
a: no special abilities


You were on level 3 of the Dungeon.
You visited 1 branch of the dungeon, and saw 3 of its levels.

You collected 83 gold pieces.

Inventory:

Hand Weapons
 a - a +0 war axe of freezing (weapon)
Armour
 b - a +0 scale mail (worn)
 c - a +0 buckler (worn)
 f - a +2 hat (worn)
 j - a +0 pair of gloves (worn)
 l - a +0 cloak (worn)
Wands
 i - a wand of polymorph (6)
Scrolls
 e - 2 scrolls of brand weapon
 g - a scroll of teleportation
 h - a scroll of fog
 n - a scroll of identify
Potions
 d - a potion of might
 k - a potion of degeneration


   Skills:
 + Level 3.4 Fighting
 + Level 2.3 Axes
 + Level 3.1 Armour
 + Level 1.1 Dodging
 + Level 3.1 Shields


You had 2 spell levels left.
You didn't know any spells.
Your spell library contained the following spells:

 Spells                   Type           Power      Damage    Failure   Level
 Animate Skeleton         Necr           0%         N/A       86%         1
 Pain                     Necr           0%         1d4       86%         1
 Vampiric Draining        Necr           0%         2d6       99%         3


Dungeon Overview and Level Annotations

Branches:
Dungeon (3/15)

Altars:

Annotations:
D:3 Ijyb


Innate Abilities, Weirdness & Mutations

Your demonic aura sometimes causes spilled blood to erupt in flames.


Message History

HP restored.
Ijyb the Twisted Goblin comes into view.
She is wielding a +0 club and carrying a wand of acid (4).
Ijyb is nearby!
Ijyb is nearby!
Ijyb is nearby!
Ijyb barely misses you.
You hit Ijyb. You freeze Ijyb.
Ijyb is lightly wounded.
Ijyb closely misses you.
Ijyb is nearby!
Ijyb is nearby!
You hit Ijyb but do no damage.
Ijyb is lightly wounded.
Ijyb zaps a wand.
The bolt of acid hits you!!
Ouch! That really hurt!
* * * LOW HITPOINT WARNING * * *
Ijyb hits you but does no damage.
Ijyb is nearby!
You are too injured to fight recklessly!
You are too injured to fight recklessly!
Unknown command.
Ijyb is nearby!
You are too injured to fight recklessly!
Ijyb is nearby!
Unknown command.
You are too injured to fight recklessly!
Ijyb is nearby!
Unknown command.
Ijyb is nearby!
You are too injured to fight recklessly!
It was a potion of curing.
You feel better. Ijyb hits you with a +0 club.
You hit Ijyb. You freeze Ijyb.
Ijyb is moderately wounded.
Ijyb hits you but does no damage.
You closely miss Ijyb.
Ijyb is moderately wounded.
Ijyb screams, "It's all mine!"
Ijyb zaps a wand.
The bolt of acid hits you!
Ouch! That really hurt!
You die...

#......# #..... #......#
#..... #......# #.....
+......# #..... #......#
###..... #......#
#....... . #......#
#.......
#...#####.#..####.......
#....g@...#.#.......###
...........#.#.####..#
##.........#...# #...#
#.........##..# #..##
############..# #..#
##.# #..# #.###..#
#..##..# #......#


You could see Ijyb.

Vanquished Creatures
  2 adders (D:2)
  A dart slug (D:1)
  4 ball pythons
  3 bats (D:1)
  12 endoplasms (D:1)
  A giant cockroach (D:2)
  3 goblins (D:1)
  A hobgoblin (D:2)
  3 jackals (D:1)
  2 quokkas (D:1)
  A frilled lizard (D:1)
  2 kobolds
  5 rats
40 creatures vanquished.

Vanquished Creatures (others)
  A withered plant (D:1)
1 creature vanquished.

Grand Total: 41 creatures vanquished

Notes
Turn   | Place    | Note
-------+----------+-------------------------------------------
     0 | D:1      | Sin92 the Demonspawn Fighter began the quest for the Orb.
     0 | D:1      | Reached XP level 1. HP: 18/18 MP: 1/1
   175 | D:1      | Gained mutation: Your demonic aura sometimes causes spilled
                  | blood to erupt in flames. [demonic ancestry]
   175 | D:1      | Reached XP level 2. HP: 15/24 MP: 2/2
   674 | D:1      | Reached XP level 3. HP: 28/29 MP: 3/3
   848 | D:1      | Found a faded altar of an unknown god.
  1328 | D:1      | Reached skill level 1 in Dodging
  2082 | D:3      | Noticed Ijyb
  2090 | D:3      | Killed from afar by Ijyb

Illustrated notes

Levels and vault maps discovered:
D:1:      minmay_arrival_checkered_box, layout_basic,
          shapermc_ecumenical_altar_flowoftime
D:2:      layout_rooms
D:3:      layout_basic, uniq_ijyb, uniq_terence

Skill      XL: |  1  2  3 |
---------------+----------+-----
Axes           | 2 |  2.3
Shields        | 3 |  3.1
Armour         | 3 |  3.1
Dodging        | 1 |  1.1
Fighting       | |  3.4

Action                   || total
-------------------------++-------
Melee: War axe           ||   123
  Use: Scroll            ||     8
       Potion            ||     2
Armor: Scale mail        ||    64
Dodge: Dodged            ||    57
Block: Buckler           ||    27
